 Dungeon Crawl Stone Soup version 0.22-a0-142-g91cc6d7 (webtiles) character file.

91 KristoblXynda the Chopper (level 4, -3/36 HPs)
             Began as a Draconian Gladiator on Feb 5, 2018.
             Slain by a gnoll
             ... wielding a +0 halberd
              (8 damage)
             ... on level 3 of the Dungeon.
             The game lasted 00:03:15 (1489 turns).

KristoblXynda the Chopper (Draconian Gladiator)     Turns: 1489, Time: 00:03:16

Health: -3/36      AC:  5    Str: 16    XL:     4   Next: 34%
Magic:  4/4        EV: 13    Int: 10    God:
Gold:   127        SH:  0    Dex: 12    Spells: 3/3 levels left

rFire    . . .     SeeInvis .   a - +0 war axe
rCold    . . .     Gourm    .   (no shield)
rNeg     + . .     Faith    .   (armour unavailable)
rPois    .         Spirit   .   b - +0 hat
rElec    .         Reflect  .   (no cloak)
rCorr    .         Harm     .   (no gloves)
MR       .....                  (no boots)
Stlth    +.........             (no amulet)
HPRegen  0.12/turn              i - ring of positive energy
MPRegen  0.09/turn              (no ring)

@: no status effects
A: unfitting armour, cold-blooded, AC +5
a: no special abilities


You were on level 3 of the Dungeon.
You were not hungry.

You visited 1 branch of the dungeon, and saw 3 of its levels.

You collected 127 gold pieces.

Inventory:

Hand Weapons
 a - a +0 war axe (weapon)
Missiles
 c - 3 throwing nets (quivered)
Armour
 b - a +0 hat (worn)
Jewellery
 i - a ring of positive energy (left hand)
Wands
 l - a wand of acid (10)
Scrolls
 e - a scroll of immolation {unknown}
 g - 4 scrolls of identify
 h - a scroll of remove curse {unknown}
 j - a scroll of teleportation {unknown}
 k - a scroll of noise {unknown}
Potions
 f - a potion of curing
Comestibles
 d - 10 rations


   Skills:
 - Level 2.1 Fighting
 * Level 4.4 Axes
 - Level 2.1 Throwing
 + Level 3.4 Dodging


You had 3 spell levels left.
You didn't know any spells.

Dungeon Overview and Level Annotations

Branches:
Dungeon (3/15)

Altars:
Sif Muna
Yredelemnul
The Shining One


Innate Abilities, Weirdness & Mutations

Your plain brown scales are hard. (AC +5)
You cannot fit into any form of body armour.
You are cold-blooded and may be slowed by cold attacks.


Message History

You hit the jackal but do no damage.
The jackal is severely wounded.
The jackal barely misses you. The gnoll barely misses you.
The jackal closely misses you.
You hit the jackal.
The jackal is almost dead.
The gnoll hits you from afar with a halberd!
The jackal closely misses you. The jackal bites you.
The gnoll hits you from afar with a halberd!
You slash the jackal!
You kill the jackal!
The gnoll misses you.
Things that are here:
a jackal corpse x3
You slash the gnoll!
The gnoll is severely wounded.
The gnoll hits you with a halberd!
* * * LOW HITPOINT WARNING * * *
The gnoll hits you with a halberd!
You die...

#.# #.# # #.# .#
###.##.###.#
##.%g.......> ###
#.gg..g...... #.#
##g########.# #.#
#g# ####.# ##
#.##### #@# #.....
.# .....<# #.#
#.##.# .# ...##.#
#.##.#####.##.##.#
..###.#
#................#
..# #.#
####.#####.##.##.#
..###.# #.#
#.##.##.# ..≈##.#
#.# #.......#
..≈≈#.# #.#
####.##.# ..≈≈#.#
#.# #....# .#


You could see 4 gnolls.

Vanquished Creatures
  An adder (D:2)
  A worm (D:2)
  4 dart slugs (D:1)
  2 leopard geckos (D:1)
  5 bats
  A giant cockroach (D:1)
  4 goblins
  3 hobgoblins
  8 jackals
  9 kobolds
  3 quokkas
  4 ball pythons
  3 frilled lizards
  22 rats
70 creatures vanquished.

Notes
Turn   | Place    | Note
-------+----------+-------------------------------------------
     0 | D:1      | KristoblXynda the Draconian Gladiator began the quest for the Orb.
     0 | D:1      | Reached XP level 1. HP: 17/17 MP: 1/1
    54 | D:1      | Reached XP level 2. HP: 24/24 MP: 2/2
   299 | D:1      | Reached XP level 3. HP: 24/29 MP: 3/3
   676 | D:1      | You fall through a shaft!
   866 | D:2      | Found a deep blue altar of Sif Muna.
   944 | D:2      | Reached skill level 4 in Axes
   980 | D:2      | Found a basalt altar of Yredelemnul.
  1109 | D:2      | Found a glowing golden altar of the Shining One.
  1219 | D:2      | Reached XP level 4. HP: 36/36 MP: 4/4
  1489 | D:3      | Slain by a gnoll

Vault maps used:
D:1:      saegor_arrival_miasma, nrook_mini_backslash
D:2:      lemuel_coloured_pillars_altar, old_standard_altar, tso_altar,
          first_ration, grunt_ministairs_14, minmay_rat_hole
D:3:      cheibrodos_helix_gallery, uniq_crazy_yiuf_cottage

Skill      XL: |  1  2  3 |
---------------+----------+-----
Throwing       | 2 |  2.1
Dodging        | 3 |  3.4
Axes           | 4 |  4.4
Fighting       | |  2.1

Action                   |  1- 3 |  4- 6 || total
-------------------------+-------+-------++-------
Melee: War axe           |   104 |    54 ||   158
       Tailslap          |     4 |     6 ||    10
  Use: Scroll            |       |     1 ||     1
 Stab: Sleeping          |     1 |       ||     1
  Eat: Chunk             |       |     2 ||     2
Armor: Skin              |    33 |    22 ||    55
Dodge: Dodged            |    75 |    66 ||   141

Table legend:
 A = Spawn XP
 B = Non-spawn XP
 C = Spawn XP percentage of total XP
 D = Spawn monster count
 E = Non-spawn monster count
 F = Spawn count percentage of total count
 G = Total turns spent on level
                    A         B        C        D         E        F      G
               +---------+---------+-------+---------+---------+-------+---------
         Total |       0 |     131 |   0.0 |       0 |      70 |   0.0 |  1489
               +---------+---------+-------+---------+---------+-------+---------
           D:1 |       0 |      50 |   0.0 |       0 |      25 |   0.0 |   690
           D:2 |       0 |      57 |   0.0 |       0 |      32 |   0.0 |   620
           D:3 |       0 |      24 |   0.0 |       0 |      13 |   0.0 |   179
               +---------+---------+-------+---------+---------+-------+---------
